Unix NetHack Version 3.7.0-88 Work-in-progress - last build Aug 21 2023 04:08:40 (b68ccb3e4f8f5dcb83e1e40b1ff56e7dffd4cd28,branch:master). Game began 2023-08-24 18:21:02, ended 2023-08-24 21:08:47. Arasaka, neutral female human Monk ----------- +.........| ----- -------- ### |.[.......| |...| |.).....##############|.........| #....| |......| ####+........@.# #|...| |.<....| #|.......j%|######---|- |......+ #|.........+### # ---.---- #----------- # % # ############## # Y -|------- |.......| 2 1 0########........| |.......| +.......| |.......| --------- Arasaka the Initiate St:18 Dx:12 Co:14 In:8 Wi:13 Ch:12 Neutral Dlvl:9 $:678 HP:0(55) Pw:51(51) AC:0 Xp:8/2389 T:5001 Latest messages: You destroy the kobold zombie! p - a food ration (10 in total). You see here a bronze plate mail. You hit the gnome mummy! You hit the gnome mummy! You destroy the gnome mummy! Please move the cursor to an unknown object. (For instructions type a '?') What do you want to invoke? [*] Never mind. What do you want to wield? [- oqs or ?*] v - a cockatrice corpse (wielded). The yeti hits! The yeti misses! The yeti bites! You begin bashing monsters with your cockatrice corpse. You miss the yeti. The yeti hits! The yeti hits again! The yeti misses! You hit the yeti with the cockatrice corpse. The yeti is slowing down. The yeti turns to stone. What do you want to wield? [- oqs or ?*] You cannot wield that! What do you want to wield? [- oqs or ?*] You are empty handed. You see here a statue of a yeti. You try to move the boulder, but in vain. You try to move the boulder, but in vain. You try to move the boulder, but in vain. Where do you want to travel to? (For instructions type a '?') You begin striking monsters with your gloved hands. You kill the goblin! Where do you want to travel to? (For instructions type a '?') You hit the fire ant! The fire ant bites! The fire ant bites again! You avoid harm. The fire ant misses! The fire ant bites! You're on fire! You kill the fire ant! You hit the blue jelly! You are suddenly very cold! You hit the blue jelly! You are suddenly very cold! You die... Inventory: Coins ('$') $ - 678 gold pieces Weapons (')') o - an uncursed +0 orcish dagger Armor ('[') x - an uncursed +0 dwarvish iron helm (being worn) a - an uncursed +2 pair of leather gloves (being worn) t - an uncursed +0 pair of iron shoes (being worn) b - an uncursed +1 robe (being worn) Comestibles ('%') g - 6 uncursed apples f - 2 uncursed food rations p - 10 uncursed food rations h - 5 uncursed oranges w - a cursed pear Z - 3 uncursed tripe rations v - an uncursed cockatrice corpse Potions ('!') e - 3 uncursed potions of healing Wands ('/') d - an uncursed wand of light (0:11) Tools ('(') j - a cursed magic lamp q - an uncursed +0 pick-axe l - an uncursed stethoscope k - an uncursed towel s - an uncursed +0 unicorn horn Arasaka the Monk's attributes: Background: You were an Initiate, a level 8 female human Monk. You were neutral, on a mission for Chih Sung-tzu who was opposed by Shan Lai Ching (lawful) and Huan Ti (chaotic). You were in the Dungeons of Doom, on level 9. You entered the dungeon 5001 turns ago. You had 2389 experience points, 171 more were needed to attain level 9. Basics: You had 0 out of 55 hit points. You had all 51 energy points (spell power). Your armor class was 0. Your wallet contained 678 zorkmids. Autopickup was on for '$"?' plus thrown, with exceptions. Final Characteristics: Your strength was 18 (limit:18/100). Your dexterity was 12 (limit:18). Your constitution was 14 (limit:18). Your intelligence was 8 (limit:18). Your wisdom was 13 (limit:18). Your charisma was 12 (limit:18). Final Status: You were not hungry. You were unencumbered. You were empty handed. You had expert skill with martial arts. Final Attributes: You were piously aligned. You were sleep resistant. You were poison resistant. You saw invisible. You were telepathic. You were warned. You were stealthy. You were guarded. You were fast. You are dead. Miscellaneous: You disabled loading of bones levels. Total elapsed playing time was 33 minutes and 26 seconds. Major events: Turn 1: Arasaka the neutral female human Monk entered the dungeon 505: attained the rank of Novice (level 3) 590: entered the Gnomish Mines 1472: attained the rank of Initiate (level 6) 1570: reached Mine Town 3294: entered Sokoban 3548: completed 1st Sokoban level 3989: completed 2nd Sokoban level 4302: completed 3rd Sokoban level 5001: killed by a blue jelly Vanquished creatures: a freezing sphere a tiger a tengu a human mummy a Grey-elf 2 giant beetles a cockatrice a panther 3 iron piercers a horse 2 baby long worms a brown pudding a yeti a lizard 2 black unicorns 2 ravens a gnome mummy an ape 3 soldier ants a fire ant a wood nymph a mountain nymph 2 orc shamans 2 fog clouds 2 shriekers 5 gnome leaders a gray ooze an elf zombie a ghoul 4 giant ants 4 floating eyes 4 dwarves a homunculus 11 rothes 2 giant bats 3 orc zombies 2 dwarf zombies 2 iguanas 24 killer bees a gas spore 2 hobbits a hobgoblin a giant rat a yellow mold 16 gnomes a garter snake 3 geckos 3 jackals a fox 4 goblins 11 grid bugs 6 lichens a kobold zombie 3 newts 156 creatures vanquished. No species were genocided or became extinct. Voluntary challenges: You read items or engraved 10 times. You engraved Elbereth 1 time. You never genocided any monsters. You never polymorphed an object. You never changed form. You used no wishes. You did not violate any of the special Sokoban rules. Achievements: You attained the rank of Novice. You entered the Gnomish Mines. You attained the rank of Initiate. You entered Minetown. You entered Sokoban. The Dungeons of Doom: levels 1 to 9 Level 1: A fountain. Level 2: A fountain. Level 3: "s eyes" Stairs down to The Gnomish Mines. Level 4: A fountain. Level 5: A fountain. Level 6: Level 7: Many fountains. Oracle of Delphi. Level 8: "s" A fountain. Stairs up to Sokoban, level 7. Level 9: <- You were here. Final resting place for you, killed by a blue jelly. The Gnomish Mines: levels 4 to 6 Level 4: Level 5: Level 6: Sokoban: levels 7 up to 4 Level 4: Unsolved. Level 5: Solved. Level 6: Solved. Level 7: Solved. Game over: ---------- / \ / REST \ / IN \ / PEACE \ / \ | Arasaka | | 678 Au | | killed by a blue | | jelly | | | | | | 2023 | *| * * * | * _________)/\\_//(\/(/\)/\//\/|_)_______ Goodbye Arasaka the Monk... You died in The Dungeons of Doom on dungeon level 9 with 10577 points, and 678 pieces of gold, after 5001 moves. You were level 8 with a maximum of 55 hit points when you died.